 Dungeon Crawl Stone Soup version 0.29.0-11-gd7f09526c8 (webtiles) character file.

Game seed: 14671780149880233112

2592 Malachi the Slicer (level 9, -5/58 (64) HPs)
             Began as a Demonspawn Brigand on Sept 5, 2022.
             Was an Elder of Uskayaw.
             Slain by a wight
             ... wielding a +7 morningstar
              (8 damage)
             ... on level 7 of the Dungeon on Sept 6, 2022.
             The game lasted 00:14:53 (10299 turns).

Malachi the Slicer (Demonspawn Brigand)            Turns: 10299, Time: 00:14:53

HP:   -5/58 (64)    AC:  9    Str: 12    XL:     9   Next: 33%
MP:   9/9           EV: 14    Int: 12    God:    Uskayaw [****..]
Gold: 303           SH:  0    Dex: 23    Spells: 8/8 levels left

rFire   . . .      SeeInvis .   l - +1 dagger (venom)
rCold   . . .      Faith    .   (no shield)
rNeg    + . .      Spirit   .   E - +1 ring mail {rN+}
rPois   .          Reflect  .   (no helmet)
rElec   .          Harm     .   F - scarf {repulsion}
rCorr   .          Rampage  .   y - +2 pair of gloves
Will    .....                   (no boots)
Stlth   +++++.....              (no amulet)
HPRegen 0.19/turn               x - +4 ring of evasion
MPRegen 0.11/turn               (no ring)

@: drained, repel missiles
A: hooves 2, thin skeletal structure 2
a: Renounce Religion, Stomp, Line Pass


You were on level 7 of the Dungeon.
You worshipped Uskayaw.
Uskayaw was noncommittal.
You visited 1 branch of the dungeon, and saw 7 of its levels.

You collected 303 gold pieces.

Inventory:

Hand Weapons
 a - a +2 dagger
 l - a +1 dagger of venom (weapon)
 M - a +4 short sword
Missiles
 d - 22 poisoned darts (quivered)
 e - 3 curare-tipped darts
 f - a throwing net
Armour
 c - a +0 cloak
 t - an orb of mayhem
 w - a +0 leather armour
 y - a +2 pair of gloves (worn)
 E - a +1 ring mail of positive energy (worn)
 F - a scarf of repulsion (worn)
 H - a +2 robe of the Archmagi
Jewellery
 x - a +4 ring of evasion (left hand)
 B - an amulet of magic regeneration
Wands
 b - a wand of flame (37)
 z - a wand of light (9)
 I - a wand of polymorph (2)
Scrolls
 h - a scroll of enchant armour
 k - a scroll of poison
 m - 2 scrolls of fog
 s - a scroll of immolation
 u - a scroll of fear
 v - 3 scrolls of teleportation
 A - a scroll of vulnerability {unknown}
 G - a scroll of summoning {unknown}
 J - a scroll of identify
 K - a scroll of noise {unknown}
Potions
 g - a potion of invisibility {unknown}
 i - a potion of attraction {unknown}
 j - 3 potions of mutation {unknown}
 n - 2 potions of might
 o - a potion of berserk rage {unknown}
 p - 3 potions of resistance {unknown}
 q - 7 potions of curing
 r - 2 potions of flight {unknown}
 C - 2 potions of brilliance {unknown}
 D - a potion of lignification {unknown}
 L - a potion of ambrosia {unknown}


   Skills:
 + Level 3.5 Fighting
 - Level 10.0 Short Blades
 - Level 1.7 Throwing
 - Level 1.4 Armour
 - Level 0.8 Dodging
 + Level 6.6 Stealth
 - Level 1.7 Unarmed Combat


You had 8 spell levels left.
You didn't know any spells.
Your spell library contained the following spells:

 Spells                   Type           Power      Damage    Failure   Level
 Magic Dart               Conj           0%         1d3       58%         1
 Sandblast                Erth           0%         2d4       58%         1
 Shock                    Conj/Air       0%         1d3       58%         1
 Slow                     Hex            0%         N/A       58%         1
 Call Imp                 Summ           0%         N/A       73%         2
 Passwall                 Tmut/Erth      0%         N/A       73%         2
 Confusing Touch          Hex            0%         N/A       91%         3
 Mephitic Cloud           Conj/Pois/Air  0%         N/A       91%         3
 Stone Arrow              Conj/Erth      0%         3d7       91%         3
 Swiftness                Air            0%         N/A       91%         3
 Vampiric Draining        Necr           0%         2d6       91%         3
 Airstrike                Air            0%         2d(0-16)  100%        4
 Petrify                  Tmut/Erth      0%         N/A       100%        4
 Metabolic Englaciation   Hex/Ice        0%         N/A       100%        5
 Statue Form              Tmut/Erth      0%         N/A       100%        6


Dungeon Overview and Level Annotations

Branches:
Dungeon (7/15)             Temple (0/1) D:4

Altars:
Sif Muna
Uskayaw

Annotations:
D:3 1 runed translucent door, exclusion: door, Zeus21348's ghost, amateur HOMo
D:6 exclusion: door


Innate Abilities, Weirdness & Mutations

You have hoof-like feet.
You have a moderately thin skeletal structure. (Dex +4, Stealth++)


Message History

Uskayaw will force your foes to helplessly watch your dance.
Uskayaw prepares the audience for your solo!
You are too injured to fight recklessly!
You are too injured to fight recklessly!
You are too injured to fight recklessly!
You are too injured to fight recklessly!
The helpless wight fails to defend itself.
You spit the wight like a pig!!!!
You destroy the wight!
A wight comes into view. It is wielding a +7 morningstar.
The wight is no longer paralysed.
The wight hits you with a +0 halberd.
Things that are here:
a +0 falchion; a +0 robe; 2 scrolls labelled MEJAGER SYPA You hit the wight but do no damage.
You kick the wight.
The wight is moderately damaged.
The wight hits you with a +0 halberd.
Uskayaw will force your foes to share their pain.
Uskayaw links your audience in an emotional bond!
You barely miss the wight. Your kick misses the wight.
The wight is moderately damaged.
You barely miss the wight.
The wight is moderately damaged.
The wight barely misses you.
You barely miss the wight. Your kick misses the wight.
The wight is moderately damaged.
Uskayaw links your audience in an emotional bond!
A wight comes into view. It is wielding a +5 scimitar.
The wight barely misses you. The wight hits you with a +5 scimitar.
* * * LOW HITPOINT WARNING * * *
You partially resist.
You feel drained.
You hit the wight but do no damage. You kick the wight!
The wight is heavily damaged.
The wight hits you with a +7 morningstar!
* * * LOW HITPOINT WARNING * * *
You partially resist.
You feel drained.
* * * LOW HITPOINT WARNING * * *
The wight barely misses you. x2
The wight attacks as you move away!
The wight hits you with a +7 morningstar!
You die...

# #.......... #.#..#.##..
###..#..<### #.###....##
........## #...#.♣♣..# .#####..#
####..♣♣.#. .# #.###### ###....##
.# #......# #..##.#.. .#
#.####.#. ##########..#.##..
.#####........ #zz.......##....##
..........>...##@#######..#.♣♣..#
##.###.####.#...z))...##.#..♣♣.#.
#.# #.# ####.####.##.##....## #.#
#.. ...# #.##...##.#.. #.######
##### #.##...#.##.. #..#
##.##.##....## ##.#
#......#.♣♣..# #.# #..####..♣♣.#.
#.#######.# #..# ###....##


You could see 3 wights.

Vanquished Creatures
  Pikel (D:4)
  Grinder (D:6)
  A water moccasin (D:6)
  A black bear (D:6)
  2 orc warriors (D:6)
  2 ogres
  A lemure (D:3)
  2 scorpions
  7 wights (D:7)
  A howler monkey (D:7)
  5 hounds
  5 orc priests
  2 jellies
  3 iguanas
  Natasha (thrice) (D:2)
  5 orc wizards
  7 adders
  A gnoll (D:1)
  A white imp (D:7)
  An ufetubus (D:4)
  4 worms
  2 dart slugs
  27 orcs
  12 ball pythons
  5 bats
  10 endoplasms
  5 giant cockroaches
  7 goblins
  6 hobgoblins
  3 quokkas
  2 frilled lizards
  4 kobolds
  2 rats (D:1)
141 creatures vanquished.

Notes
Turn   | Place    | Note
-------+----------+-------------------------------------------
     0 | D:1      | Malachi the Demonspawn Brigand began the quest for the Orb.
     0 | D:1      | Reached XP level 1. HP: 16/16 MP: 1/1
    29 | D:1      | Reached skill level 2 in Short Blades
   204 | D:1      | Gained mutation: You have large cloven feet. [demonic
                  | ancestry]
   204 | D:1      | Reached XP level 2. HP: 1/22 MP: 2/2
   839 | D:1      | Reached skill level 3 in Short Blades
  1186 | D:1      | Reached XP level 3. HP: 27/27 MP: 3/3
  1284 | D:1      | Got the Anthology of Grit
  1340 | D:1      | Found a faded altar of an unknown god.
  2355 | D:2      | Noticed Natasha
  2366 | D:2      | Killed Natasha
  2367 | D:2      | Reached skill level 4 in Short Blades
  2367 | D:2      | Reached XP level 4. HP: 21/33 MP: 4/4
  2677 | D:2      | Noticed Natasha
  2704 | D:2      | Killed Natasha
  2974 | D:2      | Noticed Natasha
  2979 | D:2      | Killed Natasha
  2980 | D:2      | Gained mutation: You have a somewhat thin skeletal
                  | structure. (Dex +2, Stealth+) [demonic ancestry]
  2980 | D:2      | Reached XP level 5. HP: 28/38 MP: 5/5
  3362 | D:3      | Found a hide-covered altar of Uskayaw.
  3425 | D:3      | Became a worshipper of Uskayaw the Reveller
  3735 | D:3      | Reached skill level 5 in Short Blades
  3735 | D:3      | Reached * piety under Uskayaw
  3791 | D:3      | Found a runed translucent door.
  3791 | D:3      | Noticed Zeus21348's ghost (amateur HOMo)
  4298 | D:4      | Noticed Pikel
  4298 | D:4      | Noticed a lemure
  4298 | D:4      | Noticed a lemure
  4304 | D:4      | Noticed a lemure
  4311 | D:4      | Noticed a lemure
  4323 | D:3      | Killed a lemure
  4749 | D:4      | HP: 1/38 [Pikel/+2 whip of flaming (2)]
  4752 | D:4      | Killed Pikel
  4753 | D:4      | Reached skill level 7 in Short Blades
  4753 | D:4      | Reached skill level 1 in Armour
  4753 | D:4      | Gained mutation: You have hoof-like feet. [demonic
                  | ancestry]
  4753 | D:4      | Reached XP level 6. HP: 1/44 MP: 6/6
  4753 | D:4      | Reached XP level 7. HP: 1/50 MP: 7/7
  5141 | D:4      | Reached ** piety under Uskayaw
  5848 | D:4      | Found a staircase to the Ecumenical Temple.
  6081 | D:5      | Entered Level 5 of the Dungeon
  6467 | D:4      | Reached skill level 8 in Short Blades
  7076 | D:5      | Gained mutation: You have a moderately thin skeletal
                  | structure. (Dex +4, Stealth++) [demonic ancestry]
  7076 | D:5      | Reached XP level 8. HP: 31/56 MP: 8/8
  7079 | D:5      | Reached *** piety under Uskayaw
  7782 | D:6      | Reached skill level 9 in Short Blades
  8017 | D:6      | Noticed Grinder
  8050 | D:6      | Paralysed by Grinder for 4 turns
  8062 | D:6      | Killed Grinder
  8198 | D:6      | Found a shimmering blue altar of Sif Muna.
  8352 | D:6      | Reached skill level 10 in Short Blades
  8352 | D:6      | Reached skill level 1 in Unarmed Combat
  9231 | D:7      | Reached XP level 9. HP: 55/62 MP: 9/9
  9241 | D:7      | Reached skill level 5 in Stealth
  9870 | D:7      | Reached **** piety under Uskayaw
  9875 | D:7      | Reached ***** piety under Uskayaw
 10299 | D:7      | Slain by a wight

Illustrated notes

Levels and vault maps discovered:
D:1:      zelgadis_glass_arrival_small, layout_basic,
          shapermc_ecumenical_altar_ellora
D:2:      layout_basic, uniq_natasha
D:3:      layout_loops_corners, eat_drink_and_be_merry_uskayaw,
          hellmonk_ghost_happy_afterlife, chequers_serial_rivers_small_3,
          hangedman_decor_clover_reticule
D:4:      layout_basic, minmay_temple_entry_enclosed_plants, uniq_pikel
D:5:      layout_cave_pools, chequers_serial_rivers_micro_e
D:6:      layout_loops_ring, led_sif_book, uniq_grinder
D:7:      layout_loops_ring, nicolae_eternal_life

Skill      XL: |  1  2  3  4  5  6  7  8  9 |
---------------+----------------------------+-----
Short Blades   | 2 3 4 7 8 10 | 10.0
Armour         | 1 |  1.4
Unarmed Combat | 1 |  1.7
Stealth        | 4 6 |  6.6
Fighting       | 3 |  3.5
Throwing       | |  1.7
Dodging        | |  0.8

Action                   |  1- 3 |  4- 6 |  7- 9 || total
-------------------------+-------+-------+-------++-------
Melee: Dagger            |   109 |    78 |   333 ||   520
       Kick              |    24 |    25 |   115 ||   164
       Punch             |       |       |     6 ||     6
       Unarmed           |       |       |    15 ||    15
Invok: Stomp             |       |       |     2 ||     2
Evoke: Wand              |       |       |     1 ||     1
  Use: Potion            |       |     2 |       ||     2
       Scroll            |       |       |     6 ||     6
 Stab: Distracted        |     1 |     1 |       ||     2
       Sleeping          |     3 |     8 |    18 ||    29
       Paralysed         |       |       |     4 ||     4
Armor: Robe              |    14 |     5 |       ||    19
       Leather armour    |       |     2 |    22 ||    24
       Ring mail         |       |       |    29 ||    29
       Skin              |       |       |     4 ||     4
Dodge: Dodged            |    44 |    23 |   124 ||   191
